cohdb
Replays
Latest Replays
All Replays
Popular Replays
Top Player Replays
Match Explorer
How It Works
Community
CoH3 Stats
Reddit
Sign in to upload your games and track your stats! →
Sign in with Steam
Match 42735895
Unlisted
Match 42735895
Overview
Messages
Build Orders
End
Construct Infanterie Kompanie
Selects Luftwaffe Battlegroup
Selects Luftwaffe Pioneer Support
Fallschirmpioneer Squad Paradrop
MG 42 Machine Gun Team
Grenadier Squad
Construct Panzergrenadier Kompanie
Selects Stuka Strafing Run
Panzergrenadier Squad
Medical Station
Stuka Strafing Run
Pak 40 Anti-tank Gun Team
Construct Panzer Kompanie
Selects Flak 38 Anti-Air Emplacement
Stoßtruppen Squad
Panzer IV Medium Tank
Selects Infantry Reserves
Pioneer Squad
WeedIsMySin
Dave
BeeRye
Flugi
0
0
Comments
sign in to comment!
No comments posted yet!